 Dungeon Crawl Stone Soup version 0.31-a0-977-gc230f8ef24 (webtiles) character file.

Game seed: 2634080872480467723

4693 Arzdou the Exorcist (level 10, -6/82 HPs)
             Began as a Merfolk Monk on Oct 29, 2023.
             Was an Elder of the Shining One.
             Mangled by a boulder beetle (21 damage)
             ... on level 8 of the Dungeon.
             The game lasted 00:16:47 (9036 turns).

Arzdou the Exorcist (Merfolk Monk)                  Turns: 9036, Time: 00:16:47

Health: -6/82      AC:  7    Str: 13    XL:     10   Next: 44%
Magic:  27/27      EV: 18    Int: 12    God:    the Shining One [****..]
Gold:   494        SH:  0    Dex: 25    Spells: 9/9 levels left

rFire   . . .        a - +1 falchion
rCold   . . .        d - orb {light}
rNeg    + + .        H - +2 robe {Will+}
rPois   +            (no helmet)
rElec   .            (no cloak)
rCorr   .            (no gloves)
SInv    .            e - +2 pair of boots
Will    +....        (no amulet)
Stlth   +            l - ring of Dudwatyh {rPois MP+9 Str+2 Dex+6}
HPRegen 0.33/turn    (no ring)
MPRegen 0.20/turn

%: no passive effects
@: confused, mighty, ambrosia-drunk, glowing
A: (nimble swimmer 2), mertail
a: Renounce Religion, Divine Shield, Cleansing Flame


You were on level 8 of the Dungeon.
You worshipped the Shining One.
The Shining One was greatly pleased with you.
You visited 2 branches of the dungeon, and saw 9 of its levels.
You also visited: Sewer and Ossuary.

You collected 494 gold pieces.

Inventory:

Hand Weapons
 a - a +1 falchion (weapon)
Armour
 b - a +0 robe
 d - an orb of light (worn)
 e - a +2 pair of boots (worn)
 p - the +8 plate armour of the Six Wishes {Fly rF- rN+ Dex+8}
   (You found it on level 3 of the Dungeon)

   Dex+8:     It affects your dexterity (+8).
   rF-:       It makes you vulnerable to fire.
   rN+:       It protects you from negative energy.
   Fly:       It grants you flight.
 y - a +2 leather armour of fire resistance
 B - a +2 robe of positive energy
 H - a +2 robe of willpower (worn)
Jewellery
 l - the ring of Dudwatyh (left hand) {rPois MP+9 Str+2 Dex+6}
   (You acquired it on level 4 of the Dungeon)

   [ring of dexterity]

   Str+2:     It affects your strength (+2).
   Dex+6:     It affects your dexterity (+6).
   rPois:     It protects you from poison MP+9: It affects your magic capacity
   (+9).
Wands
 o - a wand of flame (39)
 D - a wand of mindburst (7)
 I - a wand of digging (3)
 J - a wand of polymorph (3)
Scrolls
 f - 2 scrolls of immolation
 j - 3 scrolls of blinking
 q - 2 scrolls of amnesia
 r - a scroll of brand weapon
 s - 3 scrolls of teleportation
 t - 2 scrolls of poison
 v - 2 scrolls of vulnerability
 E - a scroll of enchant armour
 F - 2 scrolls of revelation
 K - a scroll of enchant weapon
Potions
 c - a potion of ambrosia
 g - 3 potions of mutation {unknown}
 h - 3 potions of might
 i - a potion of magic {unknown}
 k - a potion of invisibility {unknown}
 m - 2 potions of cancellation {unknown}
 n - 4 potions of curing {unknown}
 u - 3 potions of lignification {unknown}
 w - 4 potions of enlightenment
 x - 2 potions of resistance {unknown}
 z - 4 potions of heal wounds {unknown}
 A - 4 potions of attraction {unknown}
 C - 3 potions of degeneration {unknown}
 G - a potion of brilliance {unknown}


   Skills:
 + Level 8.6 Fighting
 + Level 9.2 Long Blades
 + Level 7.4 Dodging
 - Level 11.0 Invocations


You had 9 spell levels left.
You didn't know any spells.
Your spell library contained the following spells:

 Spells                   Type           Power      Damage    Failure   Level
 Magic Dart               Conj           0%         1d3       32%         1
 Call Imp                 Summ           0%         N/A       45%         2
 Mephitic Cloud           Conj/Pois/Air  0%         N/A       69%         3


Dungeon Overview and Level Annotations

Branches:
Dungeon (8/15)             Temple (1/1) D:5           Sewer (visited)
Ossuary (visited)
   Lair: D:8-11

Altars:
Ashenzari
Cheibriados
Dithmenos
Elyvilon
Fedhas
Gozag
Hepliaklqana
Kikubaaqudgha
Makhleb
Nemelex Xobeh
Qazlal
Ru
Sif Muna
Uskayaw
Vehumet
Wu Jian
Xom
Yredelemnul
Zin
The Shining One

Annotations:
D:6 2 transporters, Arzdou's ghost, novice MfMo


Innate Abilities, Weirdness & Mutations

((You are very nimble when in or above water. (Stealth+, EV+, Speed+++)))
Your lower body shifts to a powerful aquatic tail in water.


Message History

You hit the boulder beetle but do no damage.
The boulder beetle is lightly wounded.
You hit the boulder beetle but do no damage.
The boulder beetle is lightly wounded.
The boulder beetle bites you!
You hit the boulder beetle but do no damage.
The boulder beetle is lightly wounded.
The boulder beetle barely misses you.
You hit the boulder beetle but do no damage.
The boulder beetle is lightly wounded.
The boulder beetle bites you!
You hit the boulder beetle but do no damage.
The boulder beetle is lightly wounded.
The boulder beetle completely misses you.
You hit the boulder beetle.
The boulder beetle is moderately wounded.
The boulder beetle bites you but does no damage.
You hit the boulder beetle but do no damage.
The boulder beetle is moderately wounded.
You feel very mighty all of a sudden. The boulder beetle barely misses you.
You slash the boulder beetle!
The boulder beetle is moderately wounded.
The boulder beetle bites you!!
* * * LOW HITPOINT WARNING * * *
You hit the boulder beetle but do no damage.
The boulder beetle is moderately wounded.
The boulder beetle closely misses you.
You slash the boulder beetle!
The boulder beetle is heavily wounded.
The boulder beetle closely misses you.
You hit the boulder beetle but do no damage.
The boulder beetle is heavily wounded.
The boulder beetle bites you!
* * * LOW HITPOINT WARNING * * *
You are confused.
You feel invigorated. The boulder beetle bites you.
* * * LOW HITPOINT WARNING * * *
The boulder beetle bites you!!
You die...

#............#.....B°°... ##
#....†.......#'######..########B
#...................#..#....##.#
#...................#..'....#.#.
##...................#..#....†#..
.......#######.......# #....#.#.
.......# #.......# #....##.#
.......# #.......# #....###.
..###### #..@B...# #....# ## ..#
#.......# #....# # ..# #......)#
#....# ..# #...[...# #.... ###
#########


You could see a boulder beetle.

Vanquished Creatures
  A two-headed ogre (D:8)
  Pikel (D:7)
  A hornet (D:8)
  A raiju (shapeshifter) (D:8)
  Prince Ribbit (D:7)
  Grinder (D:4)
  Sigmund (D:5)
  A wyvern (D:8)
  Eustachio (D:4)
  A steam dragon (D:8)
  3 water moccasins
  3 ice beasts (D:7)
  2 lemures (D:7)
  3 centaurs
  A phantom (D:5)
  A kobold brigand (D:8)
  A bullfrog (D:4)
  2 water moccasin zombies (Ossuary)
  3 scorpions
  2 howler monkeys (D:8)
  An orc priest (D:3)
  3 hounds
  A sleepcap (D:8)
  2 iguanas
  Natasha (thrice) (D:2)
  6 orc wizards
  A sickly merfolk siren (Sewer)
  A malarious merfolk avatar (Sewer)
  2 mummies (Ossuary)
  4 gnolls (D:7)
  17 adders
  A river rat (Sewer)
  A shadow imp (D:7)
  2 white imps (D:7)
  4 ufetubi
  3 adder zombies (Ossuary)
  A worm (D:3)
  5 dart slugs
  24 orcs
  12 ball pythons
  10 endoplasms
  9 giant cockroaches
  3 gnoll zombies (Ossuary)
  13 goblins
  15 hobgoblins
  9 quokkas
  5 bats
  4 frilled lizards
  5 hobgoblin zombies (Ossuary)
  22 kobolds
  2 kobold zombies (Ossuary)
  4 orc zombies (Ossuary)
  28 rats
254 creatures vanquished.

Notes
Turn   | Place    | Note
-------+----------+-------------------------------------------
     0 | D:1      | Arzdou the Merfolk Monk began the quest for the Orb.
     0 | D:1      | Reached XP level 1. HP: 18/18 MP: 1/1
    88 | D:1      | Reached XP level 2. HP: 17/24 MP: 2/2
   426 | D:1      | Reached XP level 3. HP: 26/30 MP: 3/3
   445 | D:1      | Found a faded altar of an unknown god.
   790 | D:2      | Reached XP level 4. HP: 33/37 MP: 4/4
   846 | D:2      | Reached skill level 5 in Dodging
   901 | D:2      | Noticed Natasha
   907 | D:2      | Killed Natasha
   964 | D:2      | Noticed Natasha
   973 | D:2      | Killed Natasha
   974 | D:2      | Reached XP level 5. HP: 38/43 MP: 5/5
  1312 | D:2      | Noticed Natasha
  1322 | D:2      | Killed Natasha
  1323 | D:2      | Reached skill level 5 in Long Blades
  1779 | D:3      | Identified the +8 plate armour of the Six Wishes {Fly rF-
                  | rN+ Dex+8}
  1827 | D:3      | Reached XP level 6. HP: 25/50 MP: 6/6
  1831 | D:3      | Reached skill level 5 in Fighting
  2498 | D:4      | Noticed Grinder
  2549 | D:4      | Noticed Eustachio
  2571 | D:4      | Killed Eustachio
  2626 | D:4      | Found a shimmering altar of Xom.
  2627 | D:4      | Found a shimmering altar of Xom.
  2628 | D:4      | Found a shimmering altar of Xom.
  2628 | D:4      | Found a shimmering altar of Xom.
  2629 | D:4      | Found a shimmering altar of Xom.
  2676 | D:4      | Found a glowing drain.
  2695 | D:4      | Reached XP level 7. HP: 56/56 MP: 7/7
  2715 | Sewer    | Entered a sewer
  3288 | D:4      | Identified a scroll of acquirement
  3288 | D:4      | Acquired the ring of Dudwatyh {rPois MP+9 Str+2 Dex+6}
  3651 | D:4      | Paralysed by Grinder for 4 turns
  3804 | D:4      | Found an ancient bone altar of Kikubaaqudgha.
  3972 | D:4      | Paralysed by Grinder for 5 turns
  3992 | D:4      | Killed Grinder
  3993 | D:4      | Reached XP level 8. HP: 40/67 MP: 8/8
  4353 | D:5      | Entered Level 5 of the Dungeon
  4378 | D:5      | Noticed Sigmund
  4401 | D:5      | Killed Sigmund
  4526 | D:5      | Found a staircase to the Ecumenical Temple.
  4535 | Temple   | Entered the Ecumenical Temple
  4552 | Temple   | Became a worshipper of the Shining One
  4552 | Temple   | Reached * piety under the Shining One
  4552 | Temple   | Reached ** piety under the Shining One
  5241 | D:6      | Reached skill level 2 in Invocations
  5447 | D:6      | Found a transporter.
  5447 | D:6      | Found a transporter.
  5483 | D:6      | Found a radiant altar of Vehumet.
  5580 | D:6      | Found a broken altar of Ashenzari.
  5693 | D:6      | Reached skill level 3 in Invocations
  5693 | D:6      | Reached XP level 9. HP: 70/75 MP: 11/11
  5821 | D:6      | Reached skill level 4 in Invocations
  5854 | D:6      | Noticed Arzdou's ghost (novice MfMo)
  5861 | D:6      | Noticed a hornet
  6066 | D:6      | Found an opulent altar of Gozag.
  6715 | D:7      | Reached skill level 5 in Invocations
  6761 | D:7      | Noticed Pikel
  6787 | D:7      | Killed Pikel
  6788 | D:7      | Reached skill level 7 in Invocations
  6945 | D:7      | Found a snail-covered altar of Cheibriados.
  6962 | D:7      | Noticed Prince Ribbit
  6970 | D:7      | Killed Prince Ribbit
  6971 | D:7      | Reached skill level 8 in Invocations
  7680 | D:8      | Noticed a hornet
  7695 | D:8      | Found a sand-covered staircase.
  7700 | Ossuary  | Entered an ossuary
  7723 | Ossuary  | Reached *** piety under the Shining One
  7771 | Ossuary  | Reached skill level 9 in Invocations
  7819 | Ossuary  | Reached **** piety under the Shining One
  7893 | D:8      | Killed a hornet
  7894 | D:8      | Reached XP level 10. HP: 68/81 MP: 17/17
  8006 | D:8      | Found a sacrificial altar of Ru.
  8050 | D:8      | Reached skill level 10 in Invocations
  8070 | D:8      | Noticed a boulder beetle
  8198 | D:8      | Noticed a two-headed ogre
  8198 | D:8      | Noticed a cyclops
  8996 | D:8      | Killed a two-headed ogre
  8997 | D:8      | Reached skill level 11 in Invocations
  9036 | D:8      | Mangled by a boulder beetle

Illustrated notes

Levels and vault maps discovered:
D:1:      dpeg_arrival_more_subterranean_lakeside_camping, layout_rooms,
          hellmonk_ecumenical_altar_arch_garden
D:2:      layout_rooms, glass_columns_a, minmay_misc_feat_secret_circle,
          uniq_natasha
D:3:      layout_basic, minmay_goblin_kobold_house
D:4:      kennysheep_six_static_rooms, layout_basic, xom_redecorated,
          kiku_gazebo_garden_becter, gup_sewer_entry_glass,
          kennysheep_generic_room_15, uniq_grinder, uniq_eustachio
D:5:      wander_river, layout_basic, lemuel_temple_firewalk_b, uniq_sigmund
D:6:      layout_layer_cave, kennysheep_little_box, grunt_gozag_breadcrumbs,
          mainiacjoe_overflow_alcove_4, gammafunk_ghost_hive,
          kennysheep_windowed_goal
D:7:      corexii_shantytown, layout_layer_cave,
          mainiacjoe_overflow_cross_hatched, minmay_misc_feat_square,
          serial_bayou_ford_a, uniq_pikel, uniq_prince_ribbit1
D:8:      layout_gridville, nicolae_ru_awakened_eye, enter_ossuary_2, kb_rosetta
Temple:   dshaligram_water_room_temple

Skill      XL: |  1  2  3  4  5  6  7  8  9 10 |
---------------+-------------------------------+-----
Long Blades    | 4 5 6 7 9 |  9.2
Fighting       | 4 5 7 8 |  8.6
Dodging        | 5 6 7 |  7.4
Invocations    | 3 9 11 | 11.0

Action                     |  1- 3 |  4- 6 |  7- 9 | 10-12 || total
---------------------------+-------+-------+-------+-------++-------
  Melee: Falchion          |    90 |   129 |   483 |   106 ||   808
         Tailslap          |       |       |     2 |       ||     2
 Invoke: Cleansing Flame   |       |       |       |     2 ||     2
         Divine Shield     |       |       |       |     1 ||     1
    Use: Scroll            |       |       |    14 |     1 ||    15
         Potion            |       |       |       |     2 ||     2
 Armour: Robe              |    39 |    23 |   167 |    43 ||   272
         Plate armour      |       |    99 |    39 |       ||   138
         Leather armour    |       |       |    11 |       ||    11
  Dodge: Dodged            |    68 |    44 |   413 |    75 ||   600
  Block: Orb               |       |       |       |     5 ||     5

Table legend: (Time is in decaauts)
 A = Elapsed time spent in this place.
 B = Non-inter-level travel time spent in this place.
 C = Inter-level travel time spent in this place.
 D = Time resting spent in this place.
 E = Time spent auto-exploring this place.
 F = Levels seen in this place.
 G = Mean time per level.
                   A        B        C        D        E       F      G
               +--------+--------+--------+--------+--------+-----+--------+
         Total |   8910 |   8659 |    251 |    946 |   6007 |  11 |  810.0 |
       Dungeon |   8181 |   7945 |    236 |    746 |   5834 |   8 | 1022.6 |
        Temple |     33 |     18 |     15 |      0 |      0 |   1 |   33.0 |
         Sewer |    529 |    529 |      0 |    200 |     95 |   1 |  529.0 |
       Ossuary |    166 |    166 |      0 |      0 |     77 |   1 |  166.0 |
               +--------+--------+--------+--------+--------+-----+--------+

Top non-repeatable levels by time:
     D:6: 1244 daAuts
     D:8: 1231 daAuts
     D:4: 1184 daAuts
     D:7: 1173 daAuts
     D:2: 1107 daAuts
     D:3: 873 daAuts
     D:5: 742 daAuts
     D:1: 622 daAuts
   Sewer: 529 daAuts
 Ossuary: 166 daAuts
  Temple: 33 daAuts
